 Dungeon Crawl Stone Soup version 0.29-a0-993-g4a18f31a58 (webtiles) character file.

Game seed: 16326357132994147716

2 vurker the Sneak (level 1, 2/9 HPs)
             Began as a Vine Stalker Enchanter on Aug 2, 2022.
             Was a Follower of Kikubaaqudgha.
             Quit the game on level 1 of the Dungeon.
             The game lasted 00:00:28 (126 turns).

vurker the Sneak (Vine Stalker Enchanter)            Turns: 126, Time: 00:00:28

Health: 2/9        AC:  2    Str: 10    XL:     1   Next: 40%
Magic:  3/4        EV: 12    Int: 15    God:    Kikubaaqudgha [*.....]
Gold:   66         SH:  0    Dex: 14    Spells: 4/4 levels left

rFire   . . .      SeeInvis .   a - +1 dagger
rCold   . . .      Faith    .   (no shield)
rNeg    . . .      Spirit   +   b - +0 robe
rPois   .          Reflect  .   (no helmet)
rElec   .          Harm     .   (no cloak)
rCorr   .          Rampage  .   (no gloves)
Will    .....                   (no boots)
Stlth   ++........              (no amulet)
HPRegen 0.03/turn               (no ring)
MPRegen 0.09/turn               (no ring)

@: no status effects
A: fangs 2, magic shield, antimagic bite, no potion heal 2
a: Renounce Religion, Unearth Wretches


You were on level 1 of the Dungeon.
You worshipped Kikubaaqudgha.
Kikubaaqudgha was aware of your devotion.
You visited 1 branch of the dungeon, and saw 1 of its levels.

You collected 66 gold pieces.

Inventory:

Hand Weapons
 a - a +1 dagger (weapon)
Armour
 b - a +0 robe (worn)
Potions
 c - 2 potions of invisibility


   Skills:
 + Level 0.1 Fighting
 * Level 1.1 Short Blades
 - Level 1.5 Dodging
 + Level 3.7 Stealth
 - Level 2.1 Spellcasting
 - Level 3.0 Hexes


You had 4 spell levels left.
You didn't know any spells.
Your spell library contained the following spells:

 Spells                   Type           Power      Damage    Failure   Level
 Ensorcelled Hibernation  Hex/Ice        12%        N/A       19%         2
 Confusing Touch          Hex            10%        N/A       19%         3
 Tukima's Dance           Hex            10%        N/A       19%         3
 Necrotise                Necr           4%         1d4       22%         1
 Sublimation of Blood     Necr           1%         N/A       32%         2
 Dazzling Flash           Conj/Hex       12%        N/A       34%         3
 Anguish                  Hex/Necr       3%         N/A       75%         4
 Animate Dead             Necr           1%         N/A       91%         4


Dungeon Overview and Level Annotations

Branches:
Dungeon (1/15)

Altars:
Kikubaaqudgha


Innate Abilities, Weirdness & Mutations

You have extremely sharp teeth.
When hurt, damage is shared between your health and your magic reserves.
Your bite disrupts and absorbs the magic of your enemies.
Potions cannot restore your health.


Message History

You now have 40 gold pieces (gained 14).
Found 12 gold pieces.
You now have 52 gold pieces (gained 12).
Found 14 gold pieces.
Found a spear.
You now have 66 gold pieces (gained 14).
No target in view!
A kobold and a goblin come into view.
The kobold shouts!
Found a faded altar of an unknown god.
The kobold hits you with a +0 short sword.
The goblin shouts!
You hit the kobold but do no damage. You closely miss the kobold.
Your bite misses the kobold. The kobold hits you but does no damage.
You closely miss the kobold. Your bite misses the kobold.
The kobold hits you but does no damage.
You barely miss the kobold.
The kobold hits you with a +0 short sword.
The goblin hits you with a +0 dagger.
* * * LOW HITPOINT WARNING * * *
The goblin barely misses you. The kobold attacks as you move away!
The kobold misses you. The kobold misses you.
The kobold attacks as you move away!
The kobold hits you with a +0 short sword.
* * * LOW HITPOINT WARNING * * *
The goblin attacks as you move away! The goblin barely misses you.
The goblin attacks as you move away! The goblin hits you with a +0 dagger.
* * * LOW HITPOINT WARNING * * *
The kobold attacks as you move away! The kobold misses you.
You barely miss the kobold. Your bite misses the kobold.
The kobold closely misses you.
You barely miss the kobold. The kobold closely misses you.
You hit the kobold.
You kill the kobold!
Your Short Blades skill increases to level 1!
You hit the goblin. Your bite misses the goblin.
The goblin completely misses you.
You hit the goblin.
You kill the goblin!
Things that are here:
a +0 dagger; a +0 short sword; a kobold corpse
There is a faded altar of an unknown god here.
You cannot tell which god this altar belongs to.
Convert to them anyway?
Kikubaaqudgha accepts your prayer! Kikubaaqudgha welcomes you!
You can now bring forth the wretched and dying.
Kikubaaqudgha grants you a gift!
You add the spells Necrotise, Sublimation of Blood, Anguish and Animate Dead to your library.

.#..≈....#.#
####.##..#.#
≈#..######.#########
..##..# #..........
.## ##.# ###........
## # #...#######
.### #....# #..#
#...###### #..#
#..###8@8## ≈§.# #
#..##.....# ≈§.# #.
#..##.....## ####
#.##..#.......#
#....#..8.8..#
#..##..#.......# ##
## #..##.....## .###
###.###.....# ...
#.....##.8.####.#


There were no monsters in sight!

Vanquished Creatures
  A goblin (D:1)
  2 kobolds (D:1)
3 creatures vanquished.

Notes
Turn   | Place    | Note
-------+----------+-------------------------------------------
     0 | D:1      | vurker the Vine Stalker Enchanter began the quest for the
                  | Orb.
     0 | D:1      | Reached XP level 1. HP: 9/9 MP: 4/4
    93 | D:1      | Found a faded altar of an unknown god.
   110 | D:1      | Reached skill level 1 in Short Blades
   125 | D:1      | Prayed at the altar of an unknown god.
   125 | D:1      | Became a worshipper of Kikubaaqudgha
   125 | D:1      | Reached * piety under Kikubaaqudgha
   125 | D:1      | Received a gift from Kikubaaqudgha
   126 | D:1      | Quit the game

Illustrated notes

Levels and vault maps discovered:
D:1:      dpeg_arrival_brainrot, layout_rooms,
          hellmonk_ecumenical_altar_prayer_group

Skill      XL: |  1 |
---------------+----+-----
Short Blades   | 1 |  1.1
Fighting       | |  0.1
Dodging        | |  1.5
Stealth        | |  3.7
Spellcasting   | |  2.1
Hexes          | |  3.0

Action                   || total
-------------------------++-------
Melee: Dagger            ||    10
 Stab: Sleeping          ||     1
Armor: Robe              ||     2
Dodge: Dodged            ||     8

Table legend: (Time is in decaauts)
 A = Elapsed time spent in this place.
 B = Non-inter-level travel time spent in this place.
 C = Inter-level travel time spent in this place.
 D = Time resting spent in this place.
 E = Time spent auto-exploring this place.
 F = Levels seen in this place.
 G = Mean time per level.
                   A        B        C        D        E       F      G
               +--------+--------+--------+--------+--------+-----+--------+
         Total |    125 |    120 |      5 |      0 |     70 |   1 |  125.0 |
       Dungeon |    125 |    120 |      5 |      0 |     70 |   1 |  125.0 |
               +--------+--------+--------+--------+--------+-----+--------+

Top non-repeatable levels by time:
     D:1: 125 daAuts
